[Event "Titled Tuesday Blitz August 15 Early 2023"]
[White "Polaczek, Richard"]
[Black "Tharushi, T H D Niklesha"]
[WhiteFideId "200026"]
[BlackFideId "9918264"]
[WhiteElo "2353"]
[BlackElo "2155"]
[Result "0-1"]
[Round "3"]
[TimeControl "180+1"]
[Date "2023.08.15"]
[WhiteClock "0:00:00"]
[BlackClock "0:00:02"]
[Board "226"]

1. d4 Nf6 2. c4 e6 3. Nc3 Bb4 4. f3 d5 5. a3 Bxc3+ 6. bxc3 O-O 7. cxd5 exd5 8. e3 Qe7 9. Bd3 Nbd7 10. Ne2 c5 11. O-O Re8 12. Ng3 Nb6 13. e4 dxe4 14. fxe4 Bg4 15. Qe1 Rad8 16. Bg5 cxd4 17. Bb5 Qc5 18. Bxe8 Qxg5 19. e5 Rxe8 20. cxd4 Nfd5 21. Ne4 Qe3+ 22. Qxe3 Nxe3 23. Rfc1 Nbc4 24. Rc3 b5 25. Nd6 Rd8 26. Nxb5 a6 27. Nd6 Nxd6 28. exd6 Nf5 29. d7 Nxd4 30. Re1 Bxd7 31. Rd3 Bb5 32. Rd2 Ne6 33. Rxd8+ Nxd8 34. Re7 Kf8 35. Rc7 Ke8 36. Ra7 Nc6 37. Rb7 Ne5 38. Rb8+ Ke7 39. Rb7+ Kd6 40. Kf2 Kc5 41. Re7 Kd4 42. Kg3 Ng6 43. Rc7 Ne5 44. Re7 Bc4 45. Rc7 Kc3 46. Rb7 Bb5 47. Re7 f6 48. Rxg7 Nc4 49. Rxh7 Nxa3 50. Rf7 Nc4 51. Rxf6 a5 52. Rf3+ Kb4 53. h4 Ne5 54. Rf4+ Kc3 55. h5 Nd3 56. Rf3 a4 57. h6 a3 58. h7 a2 59. h8=Q+ Kb3 60. Qd4 Bc4 61. Rf1 Nb2 62. Ra1 Kc2 63. Qe3 Nd3 64. Qe2+ Kb3 65. Qd2 Nb2 66. Kh4 Ka3 67. Qc3+ Bb3 68. Qc5+ Ka4 69. Qd4+ Ka3 70. Qc3 Na4 71. Qc1+ Nb2 72. Kg5 Ba4 73. Qc3+ Bb3 74. Qa5+ Na4 0-1


[Site "https://www.chess.com"]

[Event "Titled Tuesday Blitz August 15 Early 2023"]
[White "Johnson, Ben"]
[Black "Ovezdurdyyeva, Jemal"]
[WhiteFideId "2010917"]
[BlackFideId "14001888"]
[WhiteElo "2134"]
[BlackElo "2350"]
[Result "0-1"]
[Round "3"]
[TimeControl "180+1"]
[Date "2023.08.15"]
[WhiteClock "0:00:02"]
[BlackClock "0:00:08"]
[Board "227"]

1. Nf3 Nf6 2. c4 e6 3. e3 b6 4. b3 Bb7 5. Bb2 Be7 6. Nc3 O-O 7. Qc2 c5 8. Be2 d5 9. cxd5 exd5 10. d4 Nc6 11. dxc5 bxc5 12. O-O d4 13. exd4 cxd4 14. Ne4 Nb4 15. Nxf6+ Bxf6 16. Qd2 Nc6 17. Rfd1 Qb6 18. Qf4 Rad8 19. g4 Rfe8 20. Rd2 h6 21. h4 Be5 22. Qf5 Bc8 23. Qh5 Qa5 24. Bd3 Nb4 25. Bf5 Bb7 26. Nxe5 Rxe5 27. Rad1 Qd5 28. f3 Qxf3 29. Bh7+ Kxh7 30. Qxe5 Qh1+ 31. Kf2 Qg2+ 32. Ke1 Qg1+ 33. Ke2 Qg2+ 34. Ke1 Qg1+ 35. Ke2 Qxg4+ 36. Ke1 Qg1+ 37. Ke2 Qg6 38. Rf1 d3+ 39. Kd1 Nc2 40. Qf5 Ne3+ 41. Kc1 Nxf5 42. Rxf5 Qxf5 43. Rf2 Rc8+ 44. Kb1 Qxf2 0-1


[Site "https://www.chess.com"]

[Event "Titled Tuesday Blitz August 15 Early 2023"]
[White "Novikova, Margarita"]
[Black "Silva, Pedro Gil Ferreira Da"]
[WhiteFideId "14109689"]
[BlackFideId "1946102"]
[WhiteElo "2121"]
[BlackElo "2350"]
[Result "1-0"]
[Round "3"]
[TimeControl "180+1"]
[Date "2023.08.15"]
[WhiteClock "0:00:15"]
[BlackClock "0:00:48"]
[Board "228"]

1. e4 c5 2. Nc3 e6 3. d3 Nc6 4. g3 g6 5. Be3 d6 6. Qd2 Bg7 7. Bg2 Nd4 8. Nd1 h6 9. c3 Nc6 10. h4 Nge7 11. Ne2 b5 12. O-O Bb7 13. d4 cxd4 14. cxd4 d5 15. f3 Qb6 16. Nf2 Rd8 17. Nf4 O-O 18. Ne2 Kh7 19. a4 b4 20. b3 a5 21. Rac1 Rc8 22. g4 Rfd8 23. e5 Ba6 24. Nd3 Bxd3 25. Qxd3 Nb8 26. Rc5 Nd7 27. Rxc8 Rxc8 28. Rc1 Rxc1+ 29. Nxc1 Nc6 30. Ne2 Bf8 31. h5 Kg7 32. hxg6 fxg6 33. f4 Ne7 34. Ng3 Qc6 35. f5 exf5 36. gxf5 gxf5 37. Nxf5+ Nxf5 38. Qxf5 Be7 39. e6 Nf6 40. Qh3 h5 41. Qg3+ Kh8 42. Qe5 Qc3 43. Bg5 Qa1+ 44. Kh2 1-0


[Site "https://www.chess.com"]

[Event "Titled Tuesday Blitz August 15 Early 2023"]
[White "rikchessmx"]
[Black "Politov, Pavel Y."]
[BlackFideId "24110515"]
[WhiteElo "2341"]
[BlackElo "2086"]
[Result "1-0"]
[Round "3"]
[TimeControl "180+1"]
[Date "2023.08.15"]
[WhiteClock "0:01:40"]
[BlackClock "0:00:00"]
[Board "230"]

1. e3 d5 2. c4 dxc4 3. Bxc4 Nf6 4. Nf3 e6 5. O-O c5 6. d4 a6 7. a3 b5 8. Ba2 Bb7 9. Nc3 Nbd7 10. Qe2 Be7 11. e4 cxd4 12. Nxd4 Nc5 13. Rd1 Qb6 14. e5 Nfd7 15. b4 Na4 16. Nxa4 bxa4 17. Be3 Qc7 18. f4 O-O 19. Bxe6 fxe6 20. Nxe6 Qc6 21. Nxf8 Rxf8 22. Rac1 Qe6 23. Rc7 Bd5 24. Qd2 Nb6 25. Rxe7 Qxe7 26. Bxb6 Bb3 27. Bc5 Qe6 28. Bxf8 Bxd1 29. Qxd1 Kxf8 30. Qd8+ Kf7 31. Qd3 Qa2 32. h3 Qa1+ 33. Kh2 Qc1 34. Qf5+ Ke8 35. e6 1-0


[Site "https://www.chess.com"]

[Event "Titled Tuesday Blitz August 15 Early 2023"]
[White "Li, Hui"]
[Black "Winkels, Marcel"]
[WhiteFideId "15400310"]
[BlackFideId "1003887"]
[WhiteElo "2340"]
[BlackElo "2073"]
[Result "1-0"]
[Round "3"]
[TimeControl "180+1"]
[Date "2023.08.15"]
[WhiteClock "0:00:12"]
[BlackClock "0:00:10"]
[Board "231"]

1. e4 c5 2. Nf3 e6 3. d4 cxd4 4. Nxd4 Nc6 5. Nc3 Qc7 6. Be2 a6 7. O-O Nf6 8. Be3 Be7 9. f4 d6 10. a4 O-O 11. Kh1 Nxd4 12. Qxd4 Bd7 13. Bf3 Bc6 14. h3 Rac8 15. Rad1 Rfe8 16. Qb6 Nd7 17. Qxc7 Rxc7 18. Kh2 Rec8 19. Rd2 Nf8 20. Bb6 Rd7 21. Rfd1 Ng6 22. g3 Nf8 23. Kg2 g6 24. a5 Kg7 25. g4 h6 26. Kg3 Nh7 27. Ne2 Nf6 28. Nc3 e5 29. f5 g5 30. Be3 Ne8 31. Bb6 Nf6 32. h4 gxh4+ 33. Kh3 Nh7 34. Rg1 Ng5+ 35. Kg2 h3+ 36. Kg3 h2 37. Rxh2 Nxf3 38. Kxf3 Bg5 39. Re2 Bb5 40. Nxb5 axb5 41. Rd1 Rc6 42. c3 b4 43. cxb4 Rc4 44. b5 Rb4 45. Be3 Rxb5 46. Bxg5 hxg5 47. Red2 Rxa5 48. Rxd6 Rxd6 49. Rxd6 Rb5 50. Rd2 Rb3+ 51. Kg2 b5 52. Rc2 Kf6 53. Kf2 b4 54. Rc6+ Kg7 55. Rc2 Rd3 56. Kg2 b3 57. Re2 Kf8 58. Kf2 Ke7 59. Re3 Rd2+ 60. Re2 Rc2 61. Ke1 Kd6 62. Rxc2 bxc2 63. Kd2 Kc5 64. Kxc2 Kd4 65. b4 Kxe4 66. Kc3 Kd5 67. Kd3 e4+ 68. Ke3 Ke5 69. b5 Kd5 70. b6 Kc6 71. Kxe4 Kxb6 72. Ke5 Kc6 73. Kf6 Kd5 74. Kxf7 Ke4 75. Kg6 Kf4 76. f6 Kxg4 77. f7 Kh4 78. f8=Q g4 79. Qf4 Kh3 80. Kg5 g3 81. Qh4+ Kg2 82. Kf4 Kf2 83. Qxg3+ Kf1 84. Qh2 Ke1 85. Ke3 Kd1 86. Qd2# 1-0


[Site "https://www.chess.com"]

[Event "Titled Tuesday Blitz August 15 Early 2023"]
[White "Lakshmi C"]
[Black "Bogaudinov, Rushan"]
[WhiteFideId "25035347"]
[BlackFideId "4129288"]
[WhiteElo "2068"]
[BlackElo "2339"]
[Result "1-0"]
[Round "3"]
[TimeControl "180+1"]
[Date "2023.08.15"]
[WhiteClock "0:00:04"]
[BlackClock "0:00:00"]
[Board "232"]

1. e4 a6 2. g3 b5 3. Bg2 Bb7 4. Ne2 h5 5. d4 h4 6. f4 h3 7. Bf3 d6 8. d5 c6 9. Be3 Nf6 10. Nbc3 b4 11. Na4 c5 12. b3 g6 13. c4 bxc3 14. Naxc3 Bg7 15. O-O O-O 16. a3 Nbd7 17. b4 Qc7 18. Rc1 Rfc8 19. Na4 e6 20. bxc5 exd5 21. exd5 dxc5 22. d6 Qb8 23. Rb1 Ra7 24. Nb6 Re8 25. Qd2 Qd8 26. Nxd7 Nxd7 27. Bxb7 Re6 28. Bf3 Qe8 29. Bf2 Bf8 30. Nc3 Rxd6 31. Qc2 Bg7 32. Rfe1 Qd8 33. Ne4 Rc6 34. Ng5 1-0


[Site "https://www.chess.com"]

[Event "Titled Tuesday Blitz August 15 Early 2023"]
[White "Nithyalakshmi, Sivanesan"]
[Black "Maluco_do_Natal_00"]
[WhiteFideId "5706955"]
[WhiteElo "2338"]
[BlackElo "2066"]
[Result "1-0"]
[Round "3"]
[TimeControl "180+1"]
[Date "2023.08.15"]
[WhiteClock "0:00:10"]
[BlackClock "0:00:00"]
[Board "233"]

1. e4 c5 2. Nc3 g6 3. d4 cxd4 4. Qxd4 Nf6 5. e5 Nc6 6. Qf4 Nh5 7. Qe3 Qa5 8. Nf3 Ng7 9. Bd3 Nb4 10. O-O Nxd3 11. Qxd3 Ne6 12. Nd5 b6 13. Bd2 Qc5 14. b4 Qc6 15. b5 Qb7 16. c4 Bg7 17. Bb4 Nc5 18. Qe3 O-O 19. Nxe7+ Kh8 20. Nd5 Re8 21. Bxc5 bxc5 22. Qxc5 a6 23. Nc7 Rb8 24. Nxe8 axb5 25. Nxg7 Kxg7 26. Qd6 bxc4 27. Qf6+ Kg8 28. Ng5 d6 29. Qd8+ Kg7 30. exd6 Bf5 31. Qc7 1-0


[Site "https://www.chess.com"]

[Event "Titled Tuesday Blitz August 15 Early 2023"]
[White "Kriti Mayur Patel"]
[Black "Okike, David"]
[WhiteFideId "35061780"]
[BlackFideId "8500134"]
[WhiteElo "2061"]
[BlackElo "2336"]
[Result "0-1"]
[Round "3"]
[TimeControl "180+1"]
[Date "2023.08.15"]
[WhiteClock "0:01:28"]
[BlackClock "0:02:15"]
[Board "234"]

1. e4 c5 2. d4 cxd4 3. c3 Nf6 4. e5 Nd5 5. Nf3 d6 6. exd6 e6 7. Bc4 Nb6 8. Bb3 Bxd6 9. O-O Nc6 10. cxd4 O-O 11. Nc3 Nb4 12. a3 N4d5 13. Qd3 Be7 14. Bc2 f5 15. Re1 Bd7 16. Ne5 Be8 17. Nc4 Bd7 18. Ne5 Be8 19. Nc4 Rf6 20. Bg5 Rg6 21. Bxe7 Nxe7 22. Bb3 Nbd5 23. Ne3 Bc6 24. Nexd5 Nxd5 25. Nxd5 Bxd5 26. Bxd5 Qxd5 27. Re5 Qxg2# 0-1


[Site "https://www.chess.com"]

[Event "Titled Tuesday Blitz August 15 Early 2023"]
[White "Nikulina, Alena"]
[Black "Bashirli, Saadat"]
[WhiteFideId "4172051"]
[BlackFideId "13429990"]
[WhiteElo "2056"]
[BlackElo "2334"]
[Result "0-1"]
[Round "3"]
[TimeControl "180+1"]
[Date "2023.08.15"]
[WhiteClock "0:01:22"]
[BlackClock "0:02:20"]
[Board "235"]

1. e4 c6 2. Nc3 d5 3. Qe2 g6 4. f4 Bg7 5. Nf3 dxe4 6. Nxe4 Nf6 7. d3 O-O 8. g3 Bg4 9. Bg2 Nbd7 10. O-O Re8 11. Bd2 e5 12. Nd6 Re6 13. Nxb7 Qb6+ 14. Be3 Qxb7 15. fxe5 Nxe5 16. h3 Nxf3+ 17. Bxf3 Bxh3 18. Rf2 Rae8 0-1


[Site "https://www.chess.com"]

[Event "Titled Tuesday Blitz August 15 Early 2023"]
[White "Gatterer, Florian"]
[Black "Zepeda Berlanga, Jan Enrique"]
[WhiteFideId "811688"]
[BlackFideId "5132355"]
[WhiteElo "2334"]
[BlackElo "1962"]
[Result "1-0"]
[Round "3"]
[TimeControl "180+1"]
[Date "2023.08.15"]
[WhiteClock "0:01:50"]
[BlackClock "0:00:46"]
[Board "236"]

1. f4 c5 2. Nf3 Nc6 3. e4 d6 4. g3 Nf6 5. d3 g6 6. Bg2 Bg7 7. O-O O-O 8. h3 h5 9. c3 b5 10. Qe2 Bb7 11. Be3 Qc7 12. Nh4 e5 13. f5 Ne7 14. Nd2 d5 15. g4 c4 16. dxc4 Nxe4 17. Nxe4 dxe4 18. f6 Nf5 19. fxg7 Kxg7 20. gxf5 Qe7 21. f6+ 1-0


[Site "https://www.chess.com"]

[Event "Titled Tuesday Blitz August 15 Early 2023"]
[White "Gyulamiryan-koryun"]
[Black "Pershina, Elena"]
[BlackFideId "24147516"]
[WhiteElo "2030"]
[BlackElo "2332"]
[Result "0-1"]
[Round "3"]
[TimeControl "180+1"]
[Date "2023.08.15"]
[WhiteClock "0:00:00"]
[BlackClock "0:00:10"]
[Board "237"]

1. d4 d5 2. c4 c6 3. Nc3 Nf6 4. Nf3 dxc4 5. a4 Bf5 6. Bf4 Nbd7 7. e3 e6 8. Bxc4 Bb4 9. O-O O-O 10. Nh4 Bg4 11. f3 Bh5 12. g4 Nd5 13. Ng2 Bg6 14. Nxd5 exd5 15. Bd3 Bxd3 16. Qxd3 Re8 17. h4 a5 18. h5 h6 19. Bg3 Qe7 20. Kf2 c5 21. Bh4 Qd6 22. Bg3 Qb6 23. Nf4 cxd4 24. exd4 Ne5 25. Qd1 Nc4 26. Nxd5 Qe6 27. Nf4 Qe3+ 28. Kg2 Rad8 29. d5 Qb6 30. Qb3 Ne3+ 31. Kh3 Nxf1 32. Rxf1 Bc5 33. Qc2 Be3 34. g5 hxg5 35. Ng2 Bc5 36. Qf5 Be7 37. Bf2 Qf6 38. Qg4 Rxd5 39. Ne3 Rd2 40. Nf5 Rxb2 41. h6 g6 42. Bd4 Qxf5 43. Qxf5 gxf5 44. Bxb2 Kh7 45. Rd1 Kxh6 46. Rd7 Bc5 47. Rxf7 Kg6 48. Rxb7 Re2 49. Rb5 Be3 0-1


[Site "https://www.chess.com"]

[Event "Titled Tuesday Blitz August 15 Early 2023"]
[White "Navyblue1"]
[Black "Davidson, Kevin"]
[BlackFideId "2056810"]
[WhiteElo "1961"]
[BlackElo "2326"]
[Result "0-1"]
[Round "3"]
[TimeControl "180+1"]
[Date "2023.08.15"]
[WhiteClock "0:00:00"]
[BlackClock "0:01:51"]
[Board "238"]

1. d4 Nf6 2. c4 g6 3. Nc3 Bg7 4. e4 d6 5. h3 O-O 6. Be3 Na6 7. Nf3 e5 8. d5 Nc5 9. Nd2 a5 10. Be2 Ne8 11. f3 Bh6 12. Bf2 f5 13. O-O Nf6 14. exf5 gxf5 15. Qc2 Kh8 16. Rae1 Rg8 17. Kh1 Nh5 18. Rg1 Qg5 0-1


[Site "https://www.chess.com"]

[Event "Titled Tuesday Blitz August 15 Early 2023"]
[White "Wilson, Otis"]
[Black "Martin, Lewis"]
[WhiteFideId "30904021"]
[BlackFideId "410551"]
[WhiteElo "1960"]
[BlackElo "2321"]
[Result "1-0"]
[Round "3"]
[TimeControl "180+1"]
[Date "2023.08.15"]
[WhiteClock "0:00:04"]
[BlackClock "0:00:00"]
[Board "239"]

1. d4 d5 2. c4 c6 3. cxd5 cxd5 4. Nc3 Nf6 5. Nf3 Nc6 6. Bf4 a6 7. e3 Qa5 8. a3 Bf5 9. Ne5 e6 10. Nxc6 bxc6 11. Bd3 Ne4 12. Bxe4 Bxe4 13. O-O Bg6 14. b4 Qd8 15. Na4 Bd6 16. Bxd6 Qxd6 17. Nc5 O-O 18. Qa4 e5 19. dxe5 Qc7 20. e6 Rfe8 21. exf7+ Bxf7 22. Rac1 Re5 23. Rfd1 Rh5 24. h3 Rf8 25. Nxa6 Qe5 26. Rxc6 Be8 27. Rdc1 Rh6 28. b5 Bxc6 29. bxc6 Rhf6 30. c7 Rxf2 31. c8=Q Qxe3 32. Kh1 Qg3 33. Qxf8+ Rxf8 34. Qd4 1-0


[Site "https://www.chess.com"]

[Event "Titled Tuesday Blitz August 15 Early 2023"]
[White "So, Wesley"]
[Black "Kazakouski, Valery"]
[WhiteFideId "5202213"]
[BlackFideId "13507443"]
[WhiteElo "3137"]
[BlackElo "2920"]
[Result "1-0"]
[Round "4"]
[TimeControl "180+1"]
[Date "2023.08.15"]
[WhiteClock "0:00:17"]
[BlackClock "0:00:00"]
[Board "1"]

1. b3 Nf6 2. Bb2 e6 3. e3 d5 4. f4 a5 5. a4 b6 6. Nf3 Bb7 7. Bb5+ c6 8. Bd3 Ba6 9. Bxa6 Rxa6 10. O-O Bd6 11. Ne5 O-O 12. Rf3 Nfd7 13. Rh3 f6 14. Qh5 fxe5 15. fxe5 Bxe5 16. Bxe5 Nxe5 17. Qxh7+ Kf7 18. Qh5+ Kf6 19. Nc3 Nbd7 20. d4 Nf7 21. Rg3 Ke7 22. Rxg7 Nf6 23. Qh4 Rh8 24. Qf4 Kf8 25. Rg6 Nh5 26. Qf3 Ra7 27. Rf1 Ng7 28. Qg4 Nf5 29. Rxe6 Qh4 30. Qxf5 Qxh2+ 31. Kf2 Rg8 32. Rg6 Qh4+ 33. Ke2 Rxg6 34. Qxg6 Re7 35. Qxc6 Qg4+ 36. Kf2 Qg5 37. Nxd5 1-0


[Site "https://www.chess.com"]

[Event "Titled Tuesday Blitz August 15 Early 2023"]
[White "Firouzja, Alireza"]
[Black "Zhigalko, Sergei"]
[WhiteFideId "12573981"]
[BlackFideId "13502956"]
[WhiteElo "3094"]
[BlackElo "2918"]
[Result "1-0"]
[Round "4"]
[TimeControl "180+1"]
[Date "2023.08.15"]
[WhiteClock "0:00:05"]
[BlackClock "0:00:00"]
[Board "2"]

1. e4 c5 2. Nf3 Nc6 3. Bb5 Nf6 4. Nc3 Qc7 5. O-O Nd4 6. Re1 a6 7. Bf1 e5 8. d3 h6 9. Nxd4 cxd4 10. Ne2 Be7 11. c3 dxc3 12. Nxc3 O-O 13. d4 exd4 14. Qxd4 Bc5 15. Qd1 d6 16. Bf4 Be6 17. h3 Rac8 18. e5 dxe5 19. Bxe5 Qe7 20. Qf3 Rfd8 21. Rac1 b5 22. Qg3 Nh5 23. Qf3 Qg5 24. Bh2 Qf6 25. Qxh5 Bxf2+ 26. Kh1 Bxe1 27. Rxe1 b4 28. Ne4 Qxb2 29. Be5 Rd5 30. Qxf7+ Bxf7 31. Bxb2 Rc2 32. Bc1 Re5 33. Bf4 Re8 34. Bd3 Rxa2 35. Rb1 b3 36. Nd6 Rd8 37. Be4 b2 38. Nxf7 Kxf7 39. Kh2 Rd4 40. Bf3 Ra1 41. Rxb2 Rxf4 42. Rb7+ Kf6 43. Rb6+ Ke7 44. Rb7+ Kf6 45. Rb6+ Ke5 46. Rb7 g5 47. Rb6 Rf6 48. Rb8 Kf4 49. Rb4+ Ke3 50. Kg3 a5 51. Re4+ Kd3 52. Re8 Ra6 53. Be2+ Kd4 54. Bxa6 a4 55. Rd8+ Kc5 56. Rd2 a3 57. Bc8 Kb4 58. Be6 Kc3 59. Ra2 Re1 60. Rxa3+ Kb4 61. Ra6 Kb5 62. Bc8 Re8 63. Bd7+ Kxa6 64. Bxe8 h5 65. Bxh5 1-0


[Site "https://www.chess.com"]

[Event "Titled Tuesday Blitz August 15 Early 2023"]
[White "Demchenko, Anton"]
[Black "Sarana, Alexey"]
[WhiteFideId "4160258"]
[BlackFideId "24133795"]
[WhiteElo "2916"]
[BlackElo "3091"]
[Result "0-1"]
[Round "4"]
[TimeControl "180+1"]
[Date "2023.08.15"]
[WhiteClock "0:00:00"]
[BlackClock "0:00:22"]
[Board "3"]

1. e4 e5 2. Nf3 Nc6 3. Bc4 Nf6 4. d3 d5 5. exd5 Nxd5 6. O-O Bg4 7. h3 Bh5 8. Nc3 Nxc3 9. bxc3 Qd6 10. Rb1 O-O-O 11. Qe2 f5 12. g4 fxg4 13. Ng5 Be7 14. hxg4 Bg6 15. Ne4 Qd7 16. f3 h5 17. g5 h4 18. d4 exd4 19. Ba6 Na5 20. Bf4 Qc6 21. Bb5 Qd5 22. Bd3 Qf7 23. Bh2 dxc3 24. Rb4 Nc6 25. Rxb7 Kxb7 26. Ba6+ Ka8 27. Qb5 Na5 28. Qxa5 Qd5 29. Qxc3 Bxe4 30. fxe4 Qc5+ 0-1


[Site "https://www.chess.com"]

[Event "Titled Tuesday Blitz August 15 Early 2023"]
[White "Bortnyk, Olexandr"]
[Black "Grigorjev, Iljya"]
[WhiteFideId "14120828"]
[BlackFideId "24159565"]
[WhiteElo "3084"]
[BlackElo "2912"]
[Result "1-0"]
[Round "4"]
[TimeControl "180+1"]
[Date "2023.08.15"]
[WhiteClock "0:00:50"]
[BlackClock "0:00:21"]
[Board "4"]

1. e4 e5 2. Bc4 Nc6 3. d3 Nf6 4. Nc3 Bc5 5. Bg5 h6 6. Bh4 Be7 7. Nf3 d6 8. h3 Na5 9. Qe2 c6 10. Bb3 Nxb3 11. axb3 a5 12. d4 Qc7 13. O-O O-O 14. dxe5 dxe5 15. Bg3 Bd6 16. Rfd1 Be6 17. Qe3 b5 18. Ne2 Rfd8 19. Bh4 Be7 20. Bxf6 Bxf6 21. Qc5 Rxd1+ 22. Rxd1 a4 23. bxa4 Rxa4 24. b3 Rxe4 25. Ng3 Rf4 26. Nh5 Rf5 27. Nxf6+ gxf6 28. Qe3 Kg7 29. Nd2 Rf4 30. Ne4 Bd5 31. Ng3 Rh4 32. Nf5+ 1-0


[Site "https://www.chess.com"]

[Event "Titled Tuesday Blitz August 15 Early 2023"]
[White "Dubov, Daniil"]
[Black "He, Anthony"]
[WhiteFideId "24126055"]
[BlackFideId "2088215"]
[WhiteElo "3073"]
[BlackElo "2908"]
[Result "1-0"]
[Round "4"]
[TimeControl "180+1"]
[Date "2023.08.15"]
[WhiteClock "0:00:08"]
[BlackClock "0:00:00"]
[Board "5"]

1. d4 Nf6 2. Nf3 g6 3. c4 Bg7 4. Nc3 d5 5. Bg5 Ne4 6. Bf4 Nxc3 7. bxc3 c5 8. e3 O-O 9. cxd5 cxd4 10. exd4 Qxd5 11. Be2 Nc6 12. O-O Bf5 13. Re1 Rfd8 14. Bc7 Rd7 15. Bg3 Rc8 16. Nd2 Qa5 17. Rc1 e5 18. Nb3 Qxa2 19. d5 Na5 20. Nxa5 Qxa5 21. c4 e4 22. Qb3 Qc5 23. Bf4 b6 24. g4 Bd4 25. Be3 Bxg4 26. Bxg4 f5 27. Be2 Bxe3 28. Qxe3 Qd6 29. Qd4 Re7 30. Bf1 h5 31. Rc2 Kh7 32. Rce2 Rce8 33. Kh1 h4 34. Re3 Qf4 35. Qd2 g5 36. f3 Kh6 37. Qc3 Re5 38. Bh3 g4 39. fxg4 fxg4 40. Bf1 h3 41. Qd2 Kh5 42. Rxh3+ 1-0


[Site "https://www.chess.com"]

[Event "Titled Tuesday Blitz August 15 Early 2023"]
[White "Durarbayli, Vasif"]
[Black "Indjic, Aleksandar"]
[WhiteFideId "13402935"]
[BlackFideId "911925"]
[WhiteElo "2854"]
[BlackElo "3033"]
[Result "1-0"]
[Round "4"]
[TimeControl "180+1"]
[Date "2023.08.15"]
[WhiteClock "0:00:06"]
[BlackClock "0:00:17"]
[Board "6"]

1. e4 c5 2. Nf3 e6 3. Nc3 a6 4. g3 b5 5. Bg2 Bb7 6. d3 d6 7. O-O Nd7 8. Ng5 h6 9. Nh3 Qc7 10. f4 b4 11. Ne2 Ngf6 12. Nf2 g6 13. a3 a5 14. axb4 axb4 15. Rxa8+ Bxa8 16. b3 Bc6 17. Bb2 Bg7 18. g4 g5 19. Qc1 gxf4 20. Qxf4 Ne5 21. h4 Rg8 22. Ng3 Qe7 23. Bxe5 dxe5 24. Qe3 Nd7 25. h5 Bf8 26. Bf3 Qd8 27. Ra1 Bb7 28. Kg2 Qc7 29. Kh3 Be7 30. Nf1 Bg5 31. Qe1 Bf4 32. Ne3 Nf6 33. Nfd1 Kf8 34. Ng2 Nh7 35. Nxf4 exf4 36. Kg2 Ng5 37. Nf2 f5 38. Ra7 Qb6 39. Qa1 c4 40. Qf6+ Ke8 41. Rxb7 Qxb7 42. bxc4 Qa7 43. exf5 Qe7 44. Bc6+ Kd8 45. Qd4+ Kc8 46. f6 Qc7 47. Bf3 Rd8 48. Qa1 Nxf3 49. Kxf3 Qb6 50. Qe5 Rd7 51. c5 Qc6+ 52. Ne4 b3 53. cxb3 Rxd3+ 54. Kxf4 Rd5 55. f7 Rd8 56. Nd6+ Kd7 57. b4 Qg2 58. Qe4 Qf2+ 59. Ke5 Qb2+ 60. Kf4 Qf6+ 61. Kg3 Ke7 62. Qb7+ Kf8 63. Qf3 Qe5+ 64. Qf4 Qc3+ 65. Kh4 Qg7 66. g5 hxg5+ 67. Qxg5 Qd4+ 68. Kh3 Qd3+ 69. Qg3 Qf1+ 70. Qg2 Qd3+ 71. Kh2 Qh7 72. Qg6 Qh8 73. h6 Qe5+ 74. Qg3 Qh8 75. Qg5 Qb2+ 76. Kh3 Qc3+ 77. Kh4 Rxd6 78. Qg7+ Ke7 79. Qxc3 1-0


[Site "https://www.chess.com"]

[Event "Titled Tuesday Blitz August 15 Early 2023"]
[White "Aronian, Levon"]
[Black "Ter-Sahakyan, Samvel"]
[WhiteFideId "13300474"]
[BlackFideId "13302531"]
[WhiteElo "3032"]
[BlackElo "2849"]
[Result "1-0"]
[Round "4"]
[TimeControl "180+1"]
[Date "2023.08.15"]
[WhiteClock "0:00:48"]
[BlackClock "0:00:05"]
[Board "7"]

1. e4 c5 2. Nf3 d6 3. c3 Nf6 4. Be2 g6 5. O-O Bg7 6. d3 O-O 7. Be3 Nc6 8. Nbd2 e5 9. a3 b6 10. h3 Re8 11. b4 h6 12. b5 Nb8 13. c4 Nh5 14. Re1 Nf4 15. Bf1 Nd7 16. Nb1 a6 17. Nc3 axb5 18. cxb5 Bb7 19. g3 d5 20. gxf4 d4 21. f5 gxf5 22. Bd2 dxc3 23. Bxc3 f4 24. Nd2 Re6 25. Kh2 Rg6 26. Qf3 Qh4 27. Nc4 Re8 28. Be2 Ree6 29. Rg1 Bc8 30. Rxg6 Rxg6 31. Rg1 Rxg1 32. Kxg1 Qe7 33. Qg2 Kh7 34. Bg4 Kh8 35. Bf5 Bf6 36. Qg4 1-0


[Site "https://www.chess.com"]

[Event "Titled Tuesday Blitz August 15 Early 2023"]
[White "Lagarde, Maxime"]
[Black "Deac, Bogdan-Daniel"]
[WhiteFideId "662399"]
[BlackFideId "1226380"]
[WhiteElo "2840"]
[BlackElo "3023"]
[Result "0-1"]
[Round "4"]
[TimeControl "180+1"]
[Date "2023.08.15"]
[WhiteClock "0:00:31"]
[BlackClock "0:00:14"]
[Board "8"]

1. d4 Nf6 2. Bf4 d5 3. e3 e6 4. Nd2 c5 5. c3 Qb6 6. Qb3 Bd7 7. Ngf3 Be7 8. h3 O-O 9. Ne5 Bc6 10. Qc2 Nbd7 11. Bd3 c4 12. Be2 Nxe5 13. dxe5 Nd7 14. Nf3 Nc5 15. h4 h6 16. Nd4 Ba4 17. Qd2 f6 18. b3 cxb3 19. axb3 Be8 20. Bg4 fxe5 21. Bxe5 Ne4 22. Qd1 Nxf2 23. Bxe6+ Bf7 24. Kxf2 Bxe6+ 25. Kg3 Bd6 26. Nxe6 Bxe5+ 27. Kg4 Qxe6+ 0-1


[Site "https://www.chess.com"]

[Event "Titled Tuesday Blitz August 15 Early 2023"]
[White "Shimanov, Aleksandr"]
[Black "Salinas Herrera, Pablo"]
[WhiteFideId "4198603"]
[BlackFideId "3407128"]
[WhiteElo "3018"]
[BlackElo "2827"]
[Result "1-0"]
[Round "4"]
[TimeControl "180+1"]
[Date "2023.08.15"]
[WhiteClock "0:01:20"]
[BlackClock "0:00:23"]
[Board "9"]

1. d4 d5 2. c4 e6 3. Nc3 Nf6 4. Nf3 c6 5. e3 Nbd7 6. Ne5 Nxe5 7. dxe5 Nd7 8. f4 Be7 9. Bd3 O-O 10. O-O f6 11. exf6 Bxf6 12. Qe2 Nc5 13. Bc2 a5 14. Bd2 Bd7 15. Rad1 Qb6 16. b3 Rae8 17. Kh1 Bc8 18. e4 d4 19. e5 dxc3 20. exf6 cxd2 21. Qh5 h6 22. fxg7 Rf7 23. Qg6 1-0


[Site "https://www.chess.com"]

[Event "Titled Tuesday Blitz August 15 Early 2023"]
[White "Korobov, Anton"]
[Black "Maksimovic, Bojan"]
[WhiteFideId "14105730"]
[BlackFideId "14408120"]
[WhiteElo "3014"]
[BlackElo "2825"]
[Result "1-0"]
[Round "4"]
[TimeControl "180+1"]
[Date "2023.08.15"]
[WhiteClock "0:00:22"]
[BlackClock "0:00:00"]
[Board "10"]

1. d4 Nf6 2. c4 g6 3. Nc3 Bg7 4. e4 d6 5. Nf3 O-O 6. Be2 Nbd7 7. O-O e5 8. Qc2 c6 9. Rd1 Qe7 10. d5 c5 11. Rb1 Kh8 12. b4 Ng8 13. Bg5 f6 14. Bh4 Bh6 15. Nb5 Rf7 16. Nc7 Rb8 17. Ne6 cxb4 18. Qa4 Ra8 19. Rxb4 Nc5 20. Nxc5 dxc5 21. Rb2 Qd6 22. Rdb1 Bf8 23. Rb6 Qc7 24. Ne1 Bd6 25. Nc2 Rf8 26. R6b2 Bd7 27. Qb3 Rfb8 28. Na3 Qd8 29. Nb5 Bxb5 30. Qxb5 Qe7 31. Bg4 h5 32. Be6 g5 33. Bg3 h4 34. Bxh4 gxh4 35. Qb3 Qh7 36. Qf3 b6 37. g3 Rb7 38. a4 Qg7 39. a5 Rab8 40. Kg2 bxa5 41. Rxb7 Rxb7 42. Ra1 Nh6 43. Rxa5 hxg3 44. hxg3 f5 45. exf5 e4 46. Qxe4 Rb2 47. Qh4 Kh7 48. f6 Qg6 49. Rxa7+ Kh8 50. Rg7 Rxf2+ 51. Kxf2 Qc2+ 52. Kg1 Qd1+ 53. Kf2 Qe2+ 54. Kxe2 1-0


[Site "https://www.chess.com"]